 Dungeon Crawl Stone Soup version 0.31-a0-538-gbc85326fa9 (webtiles) character file.

Game seed: 7897173166772763850

4750 Silwen1911 the Spear-Bearer (level 10, -1/109 HPs)
             Began as a Merfolk Gladiator on Aug 13, 2023.
             Was a Follower of Nemelex Xobeh.
             Slain by a rust devil (7 damage)
             ... on level 9 of the Dungeon on Aug 14, 2023.
             The game lasted 00:54:00 (8589 turns).

Silwen1911 the Spear-Bearer (Merfolk Gladiator)     Turns: 8589, Time: 00:54:03

Health: -1/109     AC: -15   Str: 26      XL:     10   Next: 46%
Magic:  0/26       EV:  2    Int:  2 (9)  God:    Nemelex Xobeh [*.....]
Gold:   357        SH:  8    Dex: 13 (14) Spells: 15/18 levels left

rFire   . . .        a - +0 trident (protect)
rCold   + . .        r - +4 buckler "Femofaamn" {+Blink rF- Will++}
rNeg    . . .        z - melded quicksilver dragon scales
rPois   +            c - melded +2 helmet
rElec   .            (cloak currently unavailable)
rCorr   .            (gloves currently unavailable)
SInv    .            j - melded +1 pair of boots
Will    ++...        y - amulet of guardian spirit
Stlth   +++          x - ring of protection from fire
HPRegen 1.18/turn    i - ring "Casav" {rC+ MP+9 Str+3}
MPRegen 0.20/turn

%: guardian spirit
@: tree-form, corroded, under a protective aura, studying Translocations
A: stationary, stasis, torment immunity, boosted hp, (nimble swimmer 2),
(mertail), regeneration 1, strong 2
a: Renounce Religion, Evoke Blink, Draw Escape, Draw Destruction, Draw Summoning


You were on level 9 of the Dungeon.
You worshipped Nemelex Xobeh.
Nemelex Xobeh was aware of your devotion.
You were a tree.
You visited 1 branch of the dungeon, and saw 9 of its levels.

You collected 543 gold pieces.
You spent 184 gold pieces at shops.
You donated 2 gold pieces to Zin.

Inventory:

Hand Weapons
 a - a +0 trident of protection (weapon)
 f - a +1 rapier of venom
 q - a +1 spear of electrocution
 t - a +1 vampiric halberd
 G - a +0 orcbow
Missiles
 d - a throwing net (quivered)
 e - a javelin
 w - 10 poisoned darts
Armour
 c - a +2 helmet (melded)
 j - a +1 pair of boots (melded)
 o - a +2 chain mail of poison resistance
 r - the +4 buckler "Femofaamn" (worn) {+Blink rF- Will++}
   (You took it off a gnoll sergeant on level 6 of the Dungeon)

   rF-:       It makes you vulnerable to fire.
   Will++:    It greatly increases your willpower.
   +Blink:    It lets you blink.
 z - quicksilver dragon scales (melded)
 I - +0 steam dragon scales
 L - +0 acid dragon scales
 M - +0 acid dragon scales
Jewellery
 i - the ring "Casav" (right branch) {rC+ MP+9 Str+3}
   (You took it off a kobold on level 3 of the Dungeon)

   [ring of magical power]

   Str+3:     It affects your strength (+3).
   rC+:       It protects you from cold.
   MP+9:      It affects your magic capacity (+9).
 m - a ring of willpower
 x - a ring of protection from fire (left branch)
 y - an amulet of guardian spirit (around neck)
 H - a +5 ring of evasion
Talismans
 u - a maw talisman
 v - a blade talisman
Wands
 s - a wand of roots (5)
 C - a wand of charming (1)
 J - a wand of flame (9)
 K - a wand of acid (7)
Scrolls
 k - 2 scrolls of teleportation
 n - a scroll of silence
 A - a scroll of blinking
 D - a scroll of fear {unknown}
Potions
 b - 4 potions of curing {unknown}
 g - 2 potions of might {unknown}
 h - a potion of lignification
 p - a potion of cancellation {unknown}
 B - 2 potions of invisibility {unknown}
 E - a potion of enlightenment {unknown}
 F - a potion of brilliance {unknown}


   Skills:
 + Level 4.3 Fighting
 - Level 5.8 Short Blades
 * Level 9.5 Polearms
 * Level 4.8 Throwing
 + Level 3.7 Armour
 + Level 6.0 Dodging
 * Level 5.7 Stealth
 + Level 1.6 Shields
 * Level 4.7 Spellcasting
 * Level 4.0 Conjurations
 + Level 1.5 Summonings


You had 15 spell levels left.
You knew the following spells:

 Your Spells              Type           Power      Damage    Failure   Level
a - Magic Dart            Conj           8%         1d3       10%         1
b - Call Imp              Summ           2%         N/A       36%         2

Your spell library contained the following spells:

 Spells                   Type           Power      Damage    Failure   Level
 Mephitic Cloud           Conj/Pois/Air  1%         N/A       63%         3


Dungeon Overview and Level Annotations

Branches:
Dungeon (9/15)             Temple (0/1) D:7
   Lair: D:8-11         Orc: D:9-12

Altars:
Cheibriados
Dithmenos
Gozag
Kikubaaqudgha
Makhleb
Nemelex Xobeh
Qazlal
Trog
Wu Jian
Xom
Zin
The Shining One

Shops:
D:2 [   D:4 (?*=   D:5 *


Innate Abilities, Weirdness & Mutations

You are a tree.
Your roots penetrate the ground, keeping you stationary.
You cannot be teleported.
You are immune to unholy pain and torment.
Your maximum health is greatly increased.
Your equipment is partially melded.
((You are very nimble when in or above water. (Stealth+, EV+, Speed+++)))
((Your lower body shifts to a powerful aquatic tail in water.))
Your natural rate of healing is unusually fast.
Your muscles are very strong. (Str +8, Int/Dex -2)


Message History

The orc hits you with a +0 dagger.
You feel much better. You block the orc's attack. The rust devil hits you.
The rust devil corrodes you! The neqoxec hits you.
The orc hits you with a +0 dagger.
You hit the neqoxec but do no damage.
The neqoxec is lightly wounded.
You block the orc's attack. The rust devil hits you!
The rust devil corrodes you! The neqoxec hits you.
The orc hits you with a +0 flail!
You closely miss the neqoxec.
The neqoxec is lightly wounded.
You hit the neqoxec but do no damage.
The neqoxec is lightly wounded.
The neqoxec gestures at you.
You feel dopey. Something feeds on your intellect!
You block the orc's attack. x2
You block the rust devil's attack.
You hit the neqoxec but do no damage.
The neqoxec is lightly wounded.
The neqoxec hits you! The orc hits you with a +0 flail!
You block the orc's attack. The rust devil hits you!
The rust devil corrodes you!
You hit the neqoxec but do no damage.
The neqoxec is lightly wounded.
The neqoxec hits you.
* * * LOW HITPOINT WARNING * * *
The orc hits you with a +0 flail!
* * * LOW HITPOINT WARNING * * *
The orc hits you with a +0 dagger.
* * * LOW HITPOINT WARNING * * *
The rust devil hits you!
* * * LOW HITPOINT WARNING * * *
The rust devil corrodes you!
You hit the neqoxec but do no damage.
The neqoxec is lightly wounded.
The neqoxec hits you.
* * * LOW HITPOINT WARNING * * *
The rust devil hits you!
You die...
Your body glows slightly and disappears.

..... ...... ...... .
....# ...
########....##
∩...#.............
.......oo.........
#..4♣.........
#..3.......... #...
########'###########...
.......................
.................# #...
.....#...........# #...
##.. #...........# #...
.....#...........###...
.......................


You could see a rust devil, a neqoxec and 2 orcs.

Vanquished Creatures
  A boulder beetle (D:8)
  The ghost of Newt the Mimic, a novice DrSh of Okawaru (D:6)
  2 wyverns (D:8)
  2 steam dragons (D:8)
  2 acid dragons (D:8)
  3 water moccasins
  5 orc warriors
  A black bear (D:4)
  An ogre (D:7)
  4 centaurs
  A kobold brigand (D:8)
  3 bullfrogs
  2 gnoll sergeants (D:6)
  3 scorpions
  2 hounds (D:6)
  3 jellies
  An orc priest (D:5)
  2 gnoll boudas
  Ijyb (D:3)
  6 iguanas
  4 sleepcaps
  6 orc wizards
  18 gnolls
  7 adders
  2 shadow imps (D:7)
  An ufetubus (D:6)
  2 worms
  4 dart slugs
  35 orcs
  6 bats
  5 endoplasms
  3 giant cockroaches
  9 goblins
  7 hobgoblins
  6 jackals
  5 kobolds
  5 quokkas
  6 ball pythons
  2 frilled lizards (D:1)
  7 rats (D:1)
186 creatures vanquished.

Vanquished Creatures (collateral kills)
  An ice beast (D:5)
1 creature vanquished.

Grand Total: 187 creatures vanquished

Notes
Turn   | Place    | Note
-------+----------+-------------------------------------------
     0 | D:1      | Silwen1911 the Merfolk Gladiator began the quest for the
                  | Orb.
     0 | D:1      | Reached XP level 1. HP: 16/16 MP: 1/1
   164 | D:1      | Reached XP level 2. HP: 22/22 MP: 2/2
   238 | D:1      | Found a faded altar of an unknown god.
   239 | D:1      | Noticed a golden eye
   249 | D:1      | Noticed a shining eye
   249 | D:1      | Noticed a shining eye
   249 | D:1      | Noticed a shining eye
   270 | D:1      | Reached XP level 3. HP: 21/28 MP: 3/3
   275 | D:1      | Prayed at the altar of an unknown god.
   275 | D:1      | Became a worshipper of Zin the Law-Giver
   275 | D:1      | Reached * piety under Zin
   276 | D:1      | Fell from the grace of Zin
   585 | D:1      | Reached skill level 5 in Polearms
  1088 | D:2      | Found Cofyl's Antique Armour Emporium.
  1665 | D:3      | Learned a level 1 spell: Magic Dart
  1682 | D:3      | Reached XP level 4. HP: 14/34 MP: 4/4
  1981 | D:3      | Found a stormy altar of Qazlal.
  1990 | D:3      | Became a worshipper of Qazlal Stormbringer
  2042 | D:3      | Reached XP level 5. HP: 39/39 MP: 5/5
  2043 | D:3      | Reached skill level 6 in Polearms
  2059 | D:3      | Reached skill level 1 in Spellcasting
  2205 | D:3      | Identified the ring "Casav" {rC+ MP+9 Str+3}
  2251 | D:3      | Reached skill level 1 in Conjurations
  2740 | D:3      | Noticed Ijyb
  2771 | D:3      | Killed Ijyb
  2772 | D:3      | Reached skill level 1 in Armour
  3078 | D:4      | Reached XP level 6. HP: 41/46 MP: 8/8
  3103 | D:4      | Noticed a black bear
  3343 | D:4      | Reached * piety under Qazlal
  3412 | D:4      | Found a shadowy altar of Dithmenos.
  3450 | D:4      | Found Caxtovib's Jewellery Shop.
  3623 | D:4      | Killed a black bear
  3624 | D:4      | Reached XP level 7. HP: 41/52 MP: 10/10
  3745 | D:4      | Found Timauserr's General Store.
  3822 | D:4      | Found Siuts's Magic Scroll Boutique.
  3825 | D:4      | Bought a scroll of identify for 24 gold pieces
  3825 | D:4      | Bought a scroll of identify for 24 gold pieces
  3825 | D:4      | Bought a scroll of identify for 24 gold pieces
  3825 | D:4      | Bought a scroll of identify for 24 gold pieces
  3858 | D:4      | Found Nulonux's Weapon Shoppe.
  3862 | D:4      | Bought a +0 rapier of venom for 88 gold pieces
  4172 | D:4      | Found a burning altar of Makhleb.
  4172 | D:4      | Noticed a cacodemon
  4176 | D:4      | Noticed a ynoxinul
  4176 | D:4      | Noticed a neqoxec
  4227 | D:5      | Entered Level 5 of the Dungeon
  4237 | D:4      | Gained mutation: You occasionally lose the ability to drink
                  | potions when taking damage. [potion of mutation]
  4237 | D:4      | Gained mutation: You are robust. (+10% HP) [potion of
                  | mutation]
  4237 | D:4      | Lost mutation: You are robust. (+10% HP) [potion of
                  | mutation]
  4238 | D:4      | Lost mutation: You occasionally lose the ability to drink
                  | potions when taking damage. [potion of mutation]
  4238 | D:4      | Gained mutation: Your muscles are strong. (Str +4, Int/Dex
                  | -1) [potion of mutation]
  4238 | D:4      | Gained mutation: Your natural rate of healing is unusually
                  | fast. [potion of mutation]
  4238 | D:4      | Gained mutation: Your muscles are very strong. (Str +8,
                  | Int/Dex -2) [potion of mutation]
  4481 | D:5      | Learned a level 2 spell: Call Imp
  4641 | D:4      | Reached skill level 1 in Short Blades
  4641 | D:4      | Reached skill level 1 in Stealth
  4669 | D:5      | Reached skill level 1 in Summonings
  4669 | D:5      | Reached XP level 8. HP: 32/58 MP: 12/12
  4732 | D:5      | Found Evvodira's Neck Hole.
  4754 | D:5      | Reached skill level 5 in Dodging
  4881 | D:5      | Found a snail-covered altar of Cheibriados.
  5351 | D:6      | Reached ** piety under Qazlal
  5468 | D:6      | Found a transporter.
  5597 | D:6      | Noticed Newt's ghost (novice DrSh)
  5617 | D:6      | Identified the +4 buckler "Femofaamn" {+Blink rF- Will++}
  5673 | D:6      | Found a bloodstained altar of Trog.
  5791 | D:6      | Found a transporter.
  5811 | D:6      | Found an ornate altar of the Wu Jian Council.
  6137 | D:6      | Killed Newt's ghost
  6138 | D:6      | Reached skill level 5 in Short Blades
  6138 | D:6      | Reached XP level 9. HP: 39/65 MP: 14/14
  6361 | D:7      | Reached skill level 7 in Polearms
  6424 | D:7      | Found a sparkling altar of Nemelex Xobeh.
  6432 | D:7      | Fell from the grace of Qazlal
  6432 | D:7      | Became a worshipper of Nemelex Xobeh the Trickster
  6686 | D:7      | Found a staircase to the Ecumenical Temple.
  6752 | D:7      | Found an ancient bone altar of Kikubaaqudgha.
  6917 | D:7      | Found an opulent altar of Gozag.
  7317 | D:8      | Reached * piety under Nemelex Xobeh
  7383 | D:8      | Noticed a boulder beetle
  7418 | D:8      | Reached skill level 8 in Polearms
  7418 | D:8      | Reached skill level 1 in Shields
  7561 | D:8      | Killed a boulder beetle
  7562 | D:8      | Reached skill level 9 in Polearms
  7562 | D:8      | Reached skill level 5 in Stealth
  7562 | D:8      | Reached XP level 10. HP: 72/72 MP: 14/16
  8077 | D:8      | Found a shimmering altar of Xom.
  8095 | D:8      | Found a glowing golden altar of the Shining One.
  8446 | D:9      | Noticed an orange demon
  8539 | D:9      | Noticed a rust devil
  8589 | D:9      | Slain by a rust devil

Illustrated notes

Levels and vault maps discovered:
D:1:      giann_wishing_wells, layout_loops_ring, serial_forest,
          infiniplex_forest_split, infiniplex_forest_zigzag_1,
          infiniplex_forest_end_1, infiniplex_forest_lined_room_3,
          infiniplex_forest_clump_medium, infiniplex_forest_straight_4,
          hellmonk_ecumenical_altar_watching_god
D:2:      layout_loops_ring, serial_shops, nicolae_shop_tiny_glass
D:3:      kennysheep_goblin_castle, layout_rooms, mainiacjoe_overflow_alcove_4
D:4:      layout_rooms, mainiacjoe_overflow_small_starburst,
          makhleb_altar_promises_db, serial_shops, nicolae_shop_stone,
          kennysheep_mini, shop, shop
D:5:      layout_cave_pools, lemuel_tele_altar, minivault_19,
          nicolae_shop_sticking_my_neck_out
D:6:      layout_basic, lemuel_crystal_altar, lemuel_round_altar,
          gammafunk_ghost_gnarly_gnolls
D:7:      layout_cave_pods, mainiacjoe_overflow_surrounded_room,
          mainiacjoe_overflow_tiny_flanked, overflow_temple_1_default,
          minmay_temple_entry_glass
D:8:      minmay_inner_zag, layout_rooms, jmf_multi_god_temple,
          kennysheep_island_fort
D:9:      layout_stronghold, zin_purify, serial_shops, shop, serial_demonic,
          serial_demonic_g, serial_demonic_d, serial_demonic_e, serial_demonic_d

Skill      XL: |  1  2  3  4  5  6  7  8  9 10 |
---------------+-------------------------------+-----
Polearms       | 5 6 9 |  9.5
Spellcasting   | 1 2 3 4 |  4.7
Conjurations   | 1 2 3 4 |  4.0
Armour         | 1 2 3 |  3.7
Fighting       | 3 4 |  4.3
Short Blades   | 1 5 |  5.8
Throwing       | 3 4 |  4.8
Stealth        | 1 3 5 |  5.7
Summonings     | 1 |  1.5
Dodging        | 5 6 |  6.0
Shields        | 1 |  1.6

Action                     |  1- 3 |  4- 6 |  7- 9 | 10-12 || total
---------------------------+-------+-------+-------+-------++-------
  Melee: Trident           |   108 |   220 |   178 |   162 ||   668
         Punch             |     1 |     1 |     6 |       ||     8
         Rapier            |       |       |   178 |       ||   178
         Spear             |       |       |   103 |       ||   103
         Tailslap          |       |       |     2 |       ||     2
  Throw: Throwing net      |       |     1 |     4 |     3 ||     8
         Javelin           |       |     1 |       |       ||     1
   Cast: Magic Dart        |       |     7 |    38 |    14 ||    59
         Call Imp          |       |       |     7 |       ||     7
 Invoke: Renounce Religion |     1 |       |       |       ||     1
Ability: Evoke Blink       |       |       |       |     1 ||     1
  Evoke: Wand              |       |       |     3 |     1 ||     4
    Use: Scroll            |     3 |     3 |    15 |     1 ||    22
         Potion            |     1 |       |     3 |     4 ||     8
   Stab: Sleeping          |     1 |       |     1 |     2 ||     4
         Held in net/web   |       |       |     1 |       ||     1
 Armour: Leather armour    |     7 |       |       |       ||     7
         Chain mail        |    25 |    83 |       |       ||   108
         Skin              |     4 |       |       |     8 ||    12
         Quicksilver drago |       |    23 |   155 |    55 ||   233
  Dodge: Dodged            |    51 |    77 |   230 |    85 ||   443
  Block: Other             |       |     3 |    22 |       ||    25
         Buckler           |       |       |    52 |    80 ||   132

Table legend: (Time is in decaauts)
 A = Elapsed time spent in this place.
 B = Non-inter-level travel time spent in this place.
 C = Inter-level travel time spent in this place.
 D = Time resting spent in this place.
 E = Time spent auto-exploring this place.
 F = Levels seen in this place.
 G = Mean time per level.
                   A        B        C        D        E       F      G
               +--------+--------+--------+--------+--------+-----+--------+
         Total |   8503 |   7843 |    660 |    963 |   4693 |   9 |  944.8 |
       Dungeon |   8503 |   7843 |    660 |    963 |   4693 |   9 |  944.8 |
               +--------+--------+--------+--------+--------+-----+--------+

Top non-repeatable levels by time:
     D:3: 1441 daAuts
     D:4: 1228 daAuts
     D:8: 1223 daAuts
     D:6: 1028 daAuts
     D:1: 919 daAuts
     D:5: 859 daAuts
     D:2: 854 daAuts
     D:7: 798 daAuts
     D:9: 149 daAuts
